 Dungeon Crawl Stone Soup version 0.25.1-8-g42b30a86e7 (webtiles) character file.

Game seed: 16929504385793484524

436 Descartes the Grave Robber (level 6, -4/32 HPs)
             Began as a Deep Elf Wanderer on Dec 11, 2020.
             Killed by divine providence
             ... invoked by an orc priest
              (14 damage)
             ... on level 4 of the Dungeon.
             The game lasted 00:10:52 (5578 turns).

Descartes the Grave Robber (Deep Elf Wanderer)      Turns: 5578, Time: 00:10:52

Health: -4/32      AC:  6    Str:  9    XL:     6   Next: 68%
Magic:  13/15      EV: 11    Int: 19    God:
Gold:   169        SH:  0    Dex: 14    Spells: 11/15 levels left

rFire    . . .     SeeInvis .   a - +0 quarterstaff
rCold    . . .     Gourm    .   (shield currently unavailable)
rNeg     . . .     Faith    .   k - +0 leather armour
rPois    .         Spirit   .   d - +2 hat
rElec    .         Reflect  .   x - +0 cloak
rCorr    .         Harm     .   (no gloves)
MR       .....                  (no boots)
Stlth    +++.......             (no amulet)
HPRegen  0.10/turn              y - ring of stealth
MPRegen  0.14/turn              (no ring)

@: no status effects
A: no striking features
a: no special abilities


You were on level 4 of the Dungeon.
You were not hungry.

You visited 1 branch of the dungeon, and saw 4 of its levels.

You collected 169 gold pieces.

Inventory:

Hand Weapons
 a - a +0 quarterstaff (weapon)
 e - a +0 dagger
 v - a +0 hunting sling
 D - a +4 halberd
Missiles
 b - 3 throwing nets (quivered)
 i - 108 stones
 p - 66 bolts
Armour
 c - a +0 leather armour
 d - a +2 hat (worn)
 k - a +0 leather armour (worn)
 q - a +0 kite shield
 x - a +0 cloak (worn)
Jewellery
 y - a ring of stealth (left hand)
Scrolls
 g - a scroll of fog {unknown}
 h - 4 scrolls of remove curse
 j - a scroll of immolation {unknown}
 l - 2 scrolls of identify {unknown}
 n - a scroll of teleportation {unknown}
 o - a scroll of enchant weapon {unknown}
 t - a scroll of fear {unknown}
 w - a scroll of amnesia {unknown}
 z - a scroll of enchant armour {unknown}
 A - a scroll of magic mapping {unknown}
Potions
 m - a potion of heal wounds {unknown}
 r - a potion of invisibility {unknown}
 s - a potion of lignification {unknown}
 u - 2 potions of curing {unknown}
 B - a potion of stabbing {unknown}
Comestibles
 f - 3 rations
 C - 8 chunks of flesh


   Skills:
 - Level 2.0 Staves
 - Level 1.2 Dodging
 - Level 2.4 Stealth
 + Level 3.3 Shields
 - Level 5.0 Spellcasting
 + Level 6.9 Necromancy


You had 11 spell levels left.
You knew the following spells:

 Your Spells              Type           Power        Failure   Level  Hunger
a - Pain                  Necr           ####         1%          1    None
b - Vampiric Draining     Necr           ####......   3%          3    ##.....

Your spell library contained the following spells:

 Spells                   Type           Power        Failure   Level  Hunger


Dungeon Overview and Level Annotations

Branches:
Dungeon (4/15)
 Temple: D:4-7

Altars:


Message History

Casting: Pain (safe; 1% risk of failure)
Confirm with . or Enter, or press ? or * to list all spells.
Aiming: Pain (safe; 1% risk of failure)
Press: ? - help, Shift-Dir - straight line, f - orc wizard
Aim: an orc wizard, wielding a +0 dagger and wearing a +0 robe (chance to defeat MR: 84%)
The orc wizard writhes in agony!
The orc wizard gestures wildly while chanting.
The orc wizard blinks!
Casting: Pain (safe; 1% risk of failure)
Confirm with . or Enter, or press ? or * to list all spells.
You can't see any susceptible monsters within range! (Use Z to cast anyway.) Unknown command.
A puff of flame appears from out of thin air!
The puff of flame hits you!
Casting: Pain (safe; 1% risk of failure)
Confirm with . or Enter, or press ? or * to list all spells.
You can't see any susceptible monsters within range! (Use Z to cast anyway.)
The orc priest mumbles some strange prayers to Beogh against you.
Beogh smites you!
You die...

#.# #.# #.# #.#
# #.# # #.# #
###.# # #...# #
#@### # #.# #
#.# . #.# #{# #
#Z#####....
########.......#
.......o######.#
#######.#


You could see an orc priest and an adder skeleton.

Vanquished Creatures
  An ogre (D:3)
  A howler monkey (D:4)
  An orc wizard (D:4)
  2 hounds (D:4)
  An orc priest (D:3)
  A hound skeleton (D:4)
  4 gnolls
  2 adders
  2 oozes
  3 worms
  5 dart slugs
  3 leopard geckos
  7 orcs
  A ball python (D:2)
  12 bats
  5 giant cockroaches
  5 hobgoblins
  12 jackals
  A ball python skeleton (D:4)
  7 frilled lizards
  6 goblins
  13 kobolds
  A leopard gecko skeleton (D:4)
  7 rats
103 creatures vanquished.

Notes
Turn   | Place    | Note
-------+----------+-------------------------------------------
     0 | D:1      | Descartes the Deep Elf Wanderer began the quest for the
                  | Orb.
     0 | D:1      | Descartes set off with the following items: a +0
                  | quarterstaff, 3 throwing nets, a +0 leather armour, a +0
                  | dagger, a ration; and the following spell memorised: Pain;
                  | and the following spells available to memorise: Vampiric
                  | Draining
     0 | D:1      | Reached XP level 1. HP: 10/10 MP: 5/5
   176 | D:1      | Reached skill level 5 in Necromancy
   385 | D:1      | Reached XP level 2. HP: 15/15 MP: 5/7
  1335 | D:1      | Reached XP level 3. HP: 17/19 MP: 4/10
  1590 | D:2      | Learned a level 3 spell: Vampiric Draining
  2416 | D:2      | Reached skill level 5 in Spellcasting
  2416 | D:2      | Reached XP level 4. HP: 23/24 MP: 10/13
  2969 | D:3      | Reached skill level 1 in Shields
  3161 | D:3      | Noticed an ogre
  3819 | D:3      | Reached XP level 5. HP: 20/28 MP: 10/14
  4310 | D:3      | Killed an ogre
  4310 | D:3      | Reached skill level 6 in Necromancy
  4936 | D:4      | Reached XP level 6. HP: 29/32 MP: 10/15
  5578 | D:4      | Killed from afar by an orc priest

Illustrated notes

Levels and vault maps discovered:
D:1:      enne_arrival_octagon_isle, layout_loops_corners
D:2:      layout_loops_cross, chequers_garden, minmay_fractal_squares_5
D:3:      layout_rooms
D:4:      layout_loops_ring, first_ration

Skill      XL: |  1  2  3  4  5  6 |
---------------+-------------------+-----
Spellcasting   | 2 4 5 |  5.0
Necromancy     | 5 6 |  6.9
Shields        | 1 2 3 |  3.3
Staves         | |  2.0
Dodging        | |  1.2
Stealth        | |  2.4

Action                   |  1- 3 |  4- 6 || total
-------------------------+-------+-------++-------
Melee: Quarterstaff      |    12 |    19 ||    31
 Cast: Pain              |    70 |   141 ||   211
  Use: Scroll            |       |     1 ||     1
  Eat: Chunk             |     5 |     6 ||    11
       Ration            |       |     1 ||     1
Armor: Leather armour    |     7 |     7 ||    14
Dodge: Dodged            |    10 |    39 ||    49
